 Dungeon Crawl Stone Soup version 0.22-a0-362-g535178c (webtiles) character file.

147 dstrtnsr the Chiller (level 5, -2/37 HPs)
             Began as a Gnoll Ice Elementalist on Apr 21, 2018.
             Slain by an orc
             ... wielding a +0 hand axe
              (4 damage)
             ... on level 5 of the Dungeon on Apr 22, 2018.
             The game lasted 00:12:05 (859 turns).

dstrtnsr the Chiller (Gnoll Ice Elementalist)        Turns: 859, Time: 00:12:05

Health: -2/37      AC:  2    Str: 10    XL:     5   Next: 29%
Magic:  12/12      EV: 15    Int: 18    God:
Gold:   102        SH:  0    Dex: 16    Spells: 6/14 levels left

rFire    . . .     SeeInvis .   d - +2 spear
rCold    . . .     Gourm    .   (no shield)
rNeg     . . .     Faith    .   a - +0 robe
rPois    .         Spirit   .   (no helmet)
rElec    .         Reflect  .   (no cloak)
rCorr    .         Harm     .   (no gloves)
MR       .....                  (no boots)
Stlth    +++.......             (no amulet)
HPRegen  0.12/turn              (no ring)
MPRegen  0.13/turn              (no ring)

@: lethally poisoned (-2 -> -6)
A: distributed training, fangs 1, strong nose
a: no special abilities


You were on level 5 of the Dungeon.
You were not hungry.

You visited 1 branch of the dungeon, and saw 5 of its levels.

You collected 102 gold pieces.

Inventory:

Hand Weapons
 b - a +0 club
 d - a +2 spear (weapon)
Missiles
 l - 14 bolts
Armour
 a - a +0 robe (worn)
 i - a cursed +0 ring mail
 m - a +0 shield
Scrolls
 f - 2 scrolls of remove curse
 k - 2 scrolls of enchant armour {unknown}
 n - a scroll of amnesia {unknown}
Potions
 e - a potion of might
 g - a potion of curing {@q1}
 h - 2 potions of heal wounds
 j - a potion of resistance {unknown}
Comestibles
 c - 8 rations {!d}


   Skills:
 + Level 1.4 Fighting
 + Level 1.4 Short Blades
 + Level 1.4 Long Blades
 + Level 1.4 Axes
 + Level 1.4 Maces & Flails
 + Level 1.4 Polearms
 + Level 1.4 Staves
 + Level 1.4 Slings
 + Level 1.4 Bows
 + Level 1.4 Crossbows
 + Level 1.4 Throwing
 + Level 1.4 Armour
 + Level 4.7 Dodging
 + Level 4.3 Stealth
 + Level 1.4 Shields
 + Level 1.4 Unarmed Combat
 + Level 5.1 Spellcasting
 + Level 2.3 Conjurations
 + Level 1.1 Hexes
 + Level 1.1 Charms
 + Level 1.1 Summonings
 + Level 1.1 Necromancy
 + Level 1.1 Translocations
 + Level 1.1 Transmutations
 + Level 1.1 Fire Magic
 + Level 5.5 Ice Magic
 + Level 1.1 Air Magic
 + Level 1.1 Earth Magic
 + Level 1.1 Poison Magic
 + Level 1.5 Invocations
 + Level 1.4 Evocations


You had 6 spell levels left.
You knew the following spells:

 Your Spells              Type           Power        Failure   Level  Hunger
a - Freeze                Ice            ###.         1%          1    None
i - Summon Ice Beast      Ice/Summ       ###.....     32%         4    ####...
o - Ozocubu's Armour      Chrm/Ice       ###.....     10%         3    ##.....


Dungeon Overview and Level Annotations

Branches:
Dungeon (5/15)             Temple (0/1) D:4

Altars:
Ashenzari
Cheibriados

Annotations:
D:3 ximxim's ghost, amateur HuEE


Innate Abilities, Weirdness & Mutations

Your experience applies equally to all skills.
You have very sharp teeth.
Your uncanny sense of smell can sniff out nearby items.


Message History

Press: ? - help, Shift-Dir - straight line, f/p - adder
Aim: an adder (heavily wounded)
You freeze the adder.
The adder is almost dead.
The adder bites you.
Damage: -3%(-1hp) hp: 66%(21hp)
Casting: Freeze (safe; 1% risk of failure)
Confirm with . or Enter, or press ? or * to list all spells.
Aiming: Freeze (safe; 1% risk of failure)
Press: ? - help, Shift-Dir - straight line, f/p - adder
Aim: an adder (almost dead)
You freeze the adder.
You kill the adder!
You have reached level 5!
This spell is quite dangerous to cast!
Memorise Summon Ice Beast, consuming 4 spell levels and leaving 6?
You start memorising the spell.
You continue memorising. x4
You finish memorising.
Spell assigned to 'i'.
Found a ration.
You see here a ration {!d}.
c - 8 rations {!d} (gained 1)
Found a stone staircase leading down.
There is a stone staircase leading down here.
You climb downwards.
You hear the sound of rushing water.
There is an entrance to a sewer on this level.
Hurry and find it before the portal rusts away! 2 worker ants, 2 orcs and an ogre come into view.
The orc shouts!
The worker ant twitches its antennae in your direction.
You hear a shout! x2
Found a scroll of fear.
Found a stone staircase leading up.
There is a stone staircase leading up here.
Unknown command.
Attack whom?
Press: ? - help, Dir - move target cursor, f - worker ant
Aim: a worker ant (hasn't noticed you)
You reach to attack!
The worker ant twitches its antennae in your direction.
The orc shouts!
You hit the worker ant.
The worker ant is moderately wounded.
An orc comes into view. It is wielding a flail.
The ogre shouts!
You hear a bark!
The worker ant misses you.
You climb upwards.
There is a stone staircase leading down here.
Unknown command.
Unknown command.
Casting: Freeze (safe; 1% risk of failure)
Confirm with . or Enter, or press ? or * to list all spells.
Aiming: Freeze (safe; 1% risk of failure)
Press: ? - help, Shift-Dir - straight line, f - worker ant
Aim: a worker ant (moderately wounded)
You freeze the worker ant.
The worker ant is severely wounded.
The worker ant bites you.
You are poisoned.
The worker ant poisons you!
Damage: -6%(-2hp) hp: 76%(28hp)
Casting: Freeze (safe; 1% risk of failure)
Confirm with . or Enter, or press ? or * to list all spells.
Aiming: Freeze (safe; 1% risk of failure)
Press: ? - help, Shift-Dir - straight line, f/p - worker ant
Aim: a worker ant (severely wounded)
You freeze the worker ant.
You kill the worker ant!
You feel sick.
Damage: -3%(-1hp) hp: 73%(27hp)
You feel sick.
Found a scroll labeled MUYM FASU NOFF.
You feel sick.
Damage: -2%(-1hp) hp: 71%(26hp)
You feel sick.
Damage: -3%(-1hp) hp: 68%(25hp)
You see here a scroll labeled MUYM FASU NOFF.
n - a scroll labeled MUYM FASU NOFF You feel sick.
Damage: -3%(-1hp) hp: 68%(25hp)
You feel sick.
Damage: -3%(-1hp) hp: 65%(24hp)
You feel sick.
You are no longer poisoned.
Damage: -3%(-1hp) hp: 65%(24hp)
There is a stone staircase leading down here.
You climb downwards.
You hear the sound of rushing water.
There is an entrance to a sewer on this level.
Hurry and find it before the portal rusts away!
The worker ant misses you. The orc barely misses you.
The orc hits you with a flail of holy wrath!
* * * LOW HITPOINT WARNING * * *
The orc barely misses you. The worker ant completely misses you.
There is a stone staircase leading up here.
Huge Dmg: -35%(-13hp) hp: 30%(11hp)
The worker ant bites you.
* * * LOW HITPOINT WARNING * * *
You are poisoned.
The worker ant poisons you! The orc hits you with a mace.
* * * LOW HITPOINT WARNING * * *
The orc closely misses you. The orc hits you with a hand axe.
You die...

## ## .. . .#.#
.## ####.#.####
....#........<#
...............
......oo...?...
#..@..o...#
..O...o.a......
#####.........#
###########


You could see an ogre, a worker ant and 4 orcs.

Vanquished Creatures
  A bullfrog skeleton (D:4)
  An iguana (D:4)
  2 worker ants (D:4)
  An adder (D:4)
  An ooze (D:4)
  An adder skeleton (D:4)
  A dart slug (D:4)
  A leopard gecko (D:1)
  A bat (D:1)
  7 goblins
  4 hobgoblins
  2 jackals (D:1)
  A kobold (D:3)
  A quokka (D:3)
  2 frilled lizards (D:1)
  A rat (D:1)
28 creatures vanquished.

Notes
Turn   | Place    | Note
-------+----------+-------------------------------------------
     0 | D:1      | dstrtnsr the Gnoll Ice Elementalist began the quest for the Orb.
     0 | D:1      | Reached XP level 1. HP: 13/13 MP: 6/6
    57 | D:1      | Reached XP level 2. HP: 15/19 MP: 2/7
   293 | D:3      | Noticed ximxim's ghost (amateur HuEE)
   315 | D:4      | HP: 7/20 [bullfrog skeleton (5)]
   501 | D:3      | Reached XP level 3. HP: 25/25 MP: 7/9
   568 | D:4      | Reached skill level 5 in Spellcasting
   582 | D:4      | HP: 8/25 [bullfrog skeleton (7)]
   584 | D:4      | HP: 3/25 [bullfrog skeleton (5)]
   585 | D:4      | Reached skill level 1 in Fighting
   585 | D:4      | Reached skill level 1 in Short Blades
   585 | D:4      | Reached skill level 1 in Long Blades
   585 | D:4      | Reached skill level 1 in Axes
   585 | D:4      | Reached skill level 1 in Maces & Flails
   585 | D:4      | Reached skill level 1 in Polearms
   585 | D:4      | Reached skill level 1 in Staves
   585 | D:4      | Reached skill level 1 in Slings
   585 | D:4      | Reached skill level 1 in Bows
   585 | D:4      | Reached skill level 1 in Crossbows
   585 | D:4      | Reached skill level 1 in Throwing
   585 | D:4      | Reached skill level 1 in Armour
   585 | D:4      | Reached skill level 1 in Shields
   585 | D:4      | Reached skill level 1 in Unarmed Combat
   585 | D:4      | Reached skill level 1 in Invocations
   585 | D:4      | Reached skill level 1 in Evocations
   585 | D:4      | Reached XP level 4. HP: 4/32 MP: 7/11
   609 | D:4      | Learned a level 3 spell: Ozocubu's Armour
   678 | D:4      | Found a snail-covered altar of Cheibriados.
   680 | D:4      | Found a shattered altar of Ashenzari.
   695 | D:4      | Reached skill level 1 in Hexes
   695 | D:4      | Reached skill level 1 in Charms
   695 | D:4      | Reached skill level 1 in Summonings
   695 | D:4      | Reached skill level 1 in Necromancy
   695 | D:4      | Reached skill level 1 in Translocations
   695 | D:4      | Reached skill level 1 in Transmutations
   695 | D:4      | Reached skill level 1 in Fire Magic
   695 | D:4      | Reached skill level 1 in Air Magic
   695 | D:4      | Reached skill level 1 in Earth Magic
   695 | D:4      | Reached skill level 1 in Poison Magic
   732 | D:4      | Found a staircase to the Ecumenical Temple.
   783 | D:4      | Reached XP level 5. HP: 24/37 MP: 9/12
   791 | D:4      | Learned a level 4 spell: Summon Ice Beast
   830 | D:5      | Entered Level 5 of the Dungeon
   830 | D:5      | Noticed an ogre
   858 | D:5      | HP: 11/37 [orc/flail of holy wrath (13)]
   859 | D:5      | HP: 2/37 [orc/mace (4)]
   859 | D:5      | Slain by an orc

Vault maps used:
D:1:      roderic_crop_circles_arrival_small, minmay_misc_feat_secret_circle,
          minmay_pentomino_u4
D:2:      first_ration, chequers_ecumenical_altar_simple, minivault_25
D:3:      zin_purify
D:4:      nicolae_overflow_hidden_temple, minmay_temple_entry_grid,
          hangedman_decor_opposing
D:5:      fedhas_altar_2, portal_sewer_entry_c

Skill      XL: |  1  2  3  4 |
---------------+-------------+-----
Conjurations   | 2 |  2.3
Spellcasting   | 5 |  5.1
Fighting       | 1 |  1.4
Short Blades   | 1 |  1.4
Long Blades    | 1 |  1.4
Axes           | 1 |  1.4
Maces & Flails | 1 |  1.4
Polearms       | 1 |  1.4
Staves         | 1 |  1.4
Slings         | 1 |  1.4
Bows           | 1 |  1.4
Crossbows      | 1 |  1.4
Throwing       | 1 |  1.4
Armour         | 1 |  1.4
Shields        | 1 |  1.4
Unarmed Combat | 1 |  1.4
Invocations    | 1 |  1.5
Evocations     | 1 |  1.4
Hexes          | 1 |  1.1
Charms         | 1 |  1.1
Summonings     | 1 |  1.1
Necromancy     | 1 |  1.1
Translocations | 1 |  1.1
Transmutations | 1 |  1.1
Fire Magic     | 1 |  1.1
Air Magic      | 1 |  1.1
Earth Magic    | 1 |  1.1
Poison Magic   | 1 |  1.1
Dodging        | |  4.7
Stealth        | |  4.3
Ice Magic      | |  5.5

Action                   |  1- 3 |  4- 6 || total
-------------------------+-------+-------++-------
Melee: Spear             |    21 |     9 ||    30
 Cast: Freeze            |    33 |     7 ||    40
  Use: Scroll            |     6 |       ||     6
       Potion            |     2 |     1 ||     3
 Stab: Sleeping          |     2 |     1 ||     3
Armor: Robe              |     2 |       ||     2
Dodge: Dodged            |    42 |     9 ||    51

Table legend:
 A = Spawn XP
 B = Non-spawn XP
 C = Spawn XP percentage of total XP
 D = Spawn monster count
 E = Non-spawn monster count
 F = Spawn count percentage of total count
 G = Total turns spent on level
                    A         B        C        D         E        F      G
               +---------+---------+-------+---------+---------+-------+---------
         Total |       0 |     211 |   0.0 |       0 |      28 |   0.0 |   859
               +---------+---------+-------+---------+---------+-------+---------
           D:1 |       0 |      25 |   0.0 |       0 |      14 |   0.0 |   224
           D:2 |       0 |       2 |   0.0 |       0 |       1 |   0.0 |    63
           D:3 |       0 |       8 |   0.0 |       0 |       4 |   0.0 |   242
           D:4 |       0 |     176 |   0.0 |       0 |       9 |   0.0 |   326
               +---------+---------+-------+---------+---------+-------+---------
